Cogmind - Beta 13 @@@ ROGUE MODE // 2024.06.03 @ 22:00:40 // Winter2019/RPGLIKE Player: Haldron Result: Destroyed by YJ-ZY5(R) with Subdweller Machine Gun Performance ------------- Evolutions (0) 0 Regions Visited (2) 400 Robots Destroyed (36) 180 Value Destroyed (702) 702 Prototype IDs (3) 60 Alien Tech Used (0) 0 Bonus (0) 0 TOTAL SCORE: 1342 Bonus ------- None Cogmind --------- Core Integrity 0/600 Matter 300/300 Energy 160/160 System Corruption 0% Temperature Cool (0) Movement Treading (160) Location -10/Subcaves Parts ------- > --- POWER (1) -------- Light Nuclear Core > --- PROPULSION (2) --- Light Treads Compact Wheel > --- UTILITY (3) ------ Structural Scanner Weapon Shielding Tractor Beam > --- WEAPON (2) ------- Light Cannon Light Cannon > --- INVENTORY (2) ---- Signal Interpreter Mining Claw Peak State ------------ > --- POWER ------------ Light Nuclear Core > --- PROPULSION ------- Wheel > --- UTILITY ---------- Improved Terrain Scanner Seismic Detector Tractor Beam > --- WEAPON ----------- Particle Gun Assault Rifle > --- INVENTORY -------- Protomatter Mining Claw [Rating: 12] Favorites ----------- Power Light Nuclear Core Engine Ion Engine Power Core Light Nuclear Core Propulsion Compact Wheel Treads Light Treads Leg Aluminum Leg Wheel Compact Wheel Utility Tractor Beam Device Tractor Beam Processor Signal Interpreter Protection Weapon Shielding Weapon Light Cannon Energy Gun Particle Gun Ballistic Gun Assault Rifle Ballistic Cannon Light Cannon Slashing Weapon Mining Claw Build | -11 -10 -10 ------- Run | Yrd Mat Sub Slots Evolved 4 | 3 1 . Power . | . . . Propulsion 1 | . 1 . Utility 2 | 2 . . Weapon 1 | 1 . . Parts Attached 24 | 6 18 . Power 2 | 1 1 . Engine 1 | 1 . . Core 1 | . 1 . Reactor . | . . . Propulsion 5 | 1 4 . Treads 1 | . 1 . Leg 1 | . 1 . Wheel 3 | 1 2 . Hover . | . . . Flight . | . . . Utility 7 | 2 5 . Device 5 | 2 3 . Storage . | . . . Processor 1 | . 1 . Hackware . | . . . Protection 1 | . 1 . Artifact . | . . . Weapon 10 | 2 8 . Energy Gun 2 | 1 1 . Energy Cannon . | . . . Ballistic Gun 2 | 1 1 . Ballistic Cannon 4 | . 4 . Launcher . | . . . Special Weapon . | . . . Impact Weapon . | . . . Slashing Weapon 2 | . 2 . Piercing Weapon . | . . . Special Melee Weapon . | . . . Unidentified Prototypes . | . . . Parts Lost . | . . . Power . | . . . Propulsion . | . . . Utility . | . . . Weapon . | . . . Highest Loss Streak . | . . . To Critical Strikes . | . . . Average Slot Usage (%) 99 | . 98 100 Engine 1 | . 2 . Core 10 | . 10 12 Treads 5 | . 4 12 Wheel 13 | . 14 12 Device 29 | . 30 25 Processor 7 | . 7 . Protection 1 | . . 12 Energy Gun 4 | . 4 . Ballistic Gun 7 | . 8 . Ballistic Cannon 12 | . 10 25 Slashing Weapon 2 | . 2 . Naked Turns . | . . . Heaviest Build 14 | 11 14 14 Greatest Support 32 | 10 32 16 Greatest Overweight (x) 3 | 1 3 . Average Overweight (x) . | . . . Largest Inventory Capacity 2 | 2 2 2 Average Capacity 2 | 2 2 2 Most Carried 2 | . 2 2 Average Carried 1 | . 1 2 Final Capacity 2 | 2 2 2 Final Carried 2 | . 2 2 Class Distribution -------------------- 80% | Mutant 19% | Scavenger-Mutant Dominant Class ---------------- Mutant | -10/Materials Mutant | -10/Subcaves Resources | -11 -10 -10 ----------- Run | Yrd Mat Sub Matter Collected 1095 | 284 689 122 Remotely 811 | . 689 122 Salvage Created 959 | 112 771 76 Parts 65 | 2 59 4 Haulers Intercepted 2 | . 2 . Recyclers Shooed 2 | . 2 . Parts Field Recycled . | . . . Retrieved Matter . | . . . Parts Self-Destructed . | . . . Prevented . | . . . Kills | -11 -10 -10 ------- Run | Yrd Mat Sub Combat Hostiles Destroyed 18 | . 15 3 Guns 11 | . 11 . Cannons 6 | . 3 3 Classes Destroyed 10 | 2 7 1 Worker 4 | . 4 . Builder 3 | . 3 . Tunneler 1 | 1 . . Hauler 2 | . 2 . Recycler 4 | 1 3 . Operator 1 | . 1 . Watcher 3 | . 3 . Swarmer 3 | . 3 . Grunt 12 | . 12 . Subdweller 3 | . . 3 Best Kill Streak 4 | 2 4 2 Combat Bots Only 4 | . 4 2 Max Kills in Single Turn 2 | 1 2 1 Gunslinging 1 | . 1 . Exploded . | . . . Melee . | . . . Uniques/NPCs Destroyed . | . . . Combat | -11 -10 -10 -------- Run | Yrd Mat Sub Hostile Shots Fired 130 | . 99 31 Missed 33 | . 23 10 Damage Taken 1429 | . 938 491 Core 1151 | . 776 375 Absorbed by Shields . | . . . Redirected to Core 765 | . 503 262 Redirected to Shielding 44 | . . 44 Core Remaining (%) 100 | 100 . . Volleys Fired 104 | 8 82 14 Largest 2 | 2 2 2 Hottest 85 | 60 85 70 Shots Fired 201 | 11 162 28 Gun 147 | 11 136 . Cannon 54 | . 26 28 Launcher . | . . . Special . | . . . Kinetic 165 | 8 129 28 Thermal 33 | . 33 . Explosive . | . . . Electromagnetic 3 | 3 . . Robot Hit Streak 10 | 6 10 8 Robot Miss Streak 5 | 1 5 1 Penetration Max . | . . . Secondary Targets 1 | . 1 . Max Gunslinging Chain 1 | . 1 . Shots Hit Robots 125 | 10 93 22 Core Hits 48 | 3 40 5 Critical Kills . | . . . Critical Parts Destroyed . | . . . Critical Strikes 3 | . 1 2 Burn 1 | . 1 . Blast 2 | . . 2 Melee Attacks 12 | . 12 . Impact . | . . . Slashing 12 | . 12 . Piercing . | . . . Sneak Attacks 4 | . 4 . Combat Hostiles . | . . . Follow-up Attacks . | . . . Damage Inflicted 2004 | 138 1483 383 Guns 1084 | 138 946 . Cannons 713 | . 330 383 Explosions . | . . . Melee 203 | . 203 . Ramming 4 | . 4 . Kinetic 1502 | 96 1023 383 Thermal 253 | . 253 . Explosive . | . . . Electromagnetic 42 | 42 . . Impact . | . . . Slashing 203 | . 203 . Piercing . | . . . Highest Corruption . | . . . Average Corruption . | . . . Corruption Purged . | . . . Corruption Blocked . | . . . Overload Shots . | . . . Overflow Damage 19 | . 19 . Projectiles 4 | . 4 . Explosions . | . . . Melee 15 | . 15 . Knockbacks 10 | . 4 6 Impact . | . . . Kinetic 10 | . 4 6 Secondary . | . . . Self-Inflicted Damage . | . . . Shots . | . . . Rammed 2 | . 2 . Targets Rammed 2 | . 2 . Kicked . | . . . Crushed . | . . . Highest Temperature 507 | . 507 . Average Temperature 129 | . 129 . Received Heat Transfer 528 | . 429 99 Effects 8 | . 8 . Shutdowns 3 | . 3 . Matter Decay 2 | . 2 . Short Circuit 1 | . 1 . Damage (minor) 2 | . 2 . Siege Activations . | . . . Robots Corrupted . | . . . Combat Hostiles . | . . . Parts Fried 1 | 1 . . Impact Corruptions . | . . . Robots Melted 1 | . 1 . Combat Hostiles 1 | . 1 . Parts Melted . | . . . Heat Transferred 703 | . 703 . Parts Sabotaged . | . . . Parts Stolen . | . . . Parts Stripped . | . . . Power Chain Reactions . | . . . Alert | -11 -10 -10 ------- Run | Yrd Mat Sub Peak Influence 277 | 10 277 . Initial 6 | . 6 . Average 121 | 4 126 . Maximum Alert Level 1 | . 1 . Low Security (%) 80 | 100 79 . Level 1 19 | . 20 . Level 2 . | . . . Level 3 . | . . . Level 4 . | . . . Level 5 . | . . . High Security . | . . . Max Security . | . . . Squads Dispatched 5 | . 5 . Investigation 3 | . 3 . Extermination . | . . . Reinforcement 2 | . 2 . Assault . | . . . Garrison . | . . . Intercept . | . . . Searches Triggered . | . . . Construction Impeded . | . . . Haulers Reinforced . | . . . Active Scanning Responses . | . . . Cargo Convoy Interrupts . | . . . Stealth | -11 -10 -10 --------- Run | Yrd Mat Sub Distress Signals 4 | . 4 . Communications Jammed . | . . . Distress Signals . | . . . Times Spotted 29 | . 23 6 Peak Tracking Total 6 | . 6 3 Tactical Retreats 1 | . 1 . Traps | -11 -10 -10 ------- Run | Yrd Mat Sub Traps Triggered 4 | . 4 . Indirectly . | . . . Trap Hack Attempts . | . . . Triggered . | . . . Disarmed . | . . . Reprogrammed . | . . . Reused . | . . . Traps Extracted . | . . . Installed . | . . . Triggered . | . . . Machines | -11 -10 -10 ---------- Run | Yrd Mat Sub Machines Disabled . | . . . Max in Single Turn . | . . . Machines Repaired . | . . . Machines Dismantled . | . . . Machines Sabotaged . | . . . Overloaded Fab Kills . | . . . Hacking | -11 -10 -10 --------- Run | Yrd Mat Sub Machines Accessed 6 | . 6 . Terminals 5 | . 5 . Fabricators . | . . . Repair Stations . | . . . Recycling Units 1 | . 1 . Scanalyzers . | . . . Garrison Access . | . . . Total Hacks 22 | . 22 . Successful 13 | . 13 . Failed 9 | . 9 . Catastrophic 2 | . 2 . Database Lockouts . | . . . Manual 13 | . 13 . Terminals 21 | . 21 . Fabricators . | . . . Repair Stations . | . . . Recycling Units 1 | . 1 . Scanalyzers . | . . . Garrison Access . | . . . Terminal Hacks 6 | . 6 . Prototype ID Bank 2 | . 2 . Terminal Index 1 | . 1 . Locate Traps 3 | . 3 . Fabricator Hacks . | . . . Repair Station Hacks . | . . . Recycling Unit Hacks 1 | . 1 . Report Inventory 1 | . 1 . Scanalyzer . | . . . Garrison Access Hacks . | . . . Unauthorized Hacks 6 | . 6 . Terminals 6 | . 6 . Track 1 | . 1 . Botnet 4 | . 4 . Operators 1 | . 1 . Fabricators . | . . . Repair Stations . | . . . Recycling Units . | . . . Scanalyzers . | . . . Garrison Access . | . . . Data Cores Recovered . | . . . Used . | . . . Hacking Detections 5 | . 5 . Full Trace Events 1 | . 1 . Feedback Events . | . . . Feedback Blocked . | . . . Robot Schematics Acquired . | . . . Robots Built . | . . . Authchips . | . . . Time . | . . . Total Robot Build Rating . | . . . Part Schematics Acquired . | . . . Parts Built . | . . . Authchips . | . . . Time . | . . . Total Part Build Rating . | . . . Parts Repaired . | . . . Time . | . . . Parts Recycled . | . . . Recycled Matter . | . . . Retrieved Matter . | . . . Retrieved Components . | . . . Parts Scanalyzed . | . . . Part Schematics Acquired . | . . . Parts Damaged . | . . . Bothacking | -11 -10 -10 ------------ Run | Yrd Mat Sub Used RIF Installer . | . . . Robots Hacked . | . . . Non-combat . | . . . Combat . | . . . Robot Hacks Applied . | . . . Relay Couplers Released . | . . . Fabnet Peak Effective % . | . . . Robots Rewired . | . . . Allies Hacked . | . . . Hacks Repelled . | . . . Allies | -11 -10 -10 -------- Run | Yrd Mat Sub Total Allies . | . . . Largest Group . | . . . Highest-Rated Group . | . . . Highest-Rated Ally . | . . . Total Orders . | . . . Ally Attacks . | . . . Total Damage . | . . . Kills . | . . . Allies Corrupted . | . . . Allies Melted . | . . . Intel | -11 -10 -10 ------- Run | Yrd Mat Sub Robot Analysis Total . | . . . Derelict Logs Recovered . | . . . Drone Launches . | . . . Drone Recoveries . | . . . Exploration | -11 -10 -10 ------------- Run | Yrd Mat Sub Turns Passed 1900 | 76 1689 135 Spaces Moved 1381 | 58 1243 80 Core 7 | 1 6 . Treads 8 | . 8 . Legs 20 | . 20 . Wheels 1346 | 57 1209 80 Hover . | . . . Flight . | . . . Fastest Speed 50 | 50 95 100 Average Speed 99 | 84 100 100 Slowest Speed 200 | 95 200 100 Overloaded Moves . | . . . Propulsion Burnouts . | . . . Robots Hopped . | . . . Cave-ins Triggered . | . . . Exploration Rate (%) 36 | 3 99 6 Regions Visited 2 Branch Regions 1 Pre-discovered Areas . | . . . Known Exits Taken 1 | . 1 . Unknown Exits Taken 1 | 1 . . Scrap Searched . | . . . Spaces Dug 6 | . 6 . Terrain Destroyed 6 | . 6 . Melee 6 | . 6 . Projectile . | . . . AOE . | . . . Terrain Rammed . | . . . Walls Destroyed . | . . . Machines Disabled . | . . . Actions | -11 -10 -10 --------- Run | Yrd Mat Sub Total 1674 | 71 1494 109 Wait 96 | . 82 14 Move 1379 | 57 1242 80 Hop . | . . . Pick Up 7 | . 7 . Fast Attach 18 | 6 12 . Attach 1 | . 1 . Detach 3 | . 3 . Swap 5 | . 5 . Drop 15 | . 15 . Fire 104 | 8 82 14 Melee 12 | . 12 . Ram . | . . . Kick . | . . . Crush 2 | . 2 . Escape Stasis . | . . . Rewire . | . . . Trap . | . . . Miscellaneous 32 | . 31 1 Route ------- -11/Scrapyard -10/Materials (discovered 5 exits: *Mat x3 / [*Min] / *Sub) -10/Subcaves History --------- Turn | Location | Event 1 | -11/Scrapyard | Upgraded with Utility slot (x2) 1 | -11/Scrapyard | Upgraded with Weapon slot (x1) 18 | -11/Scrapyard | Discovered new exit (range 15) 77 | -11/Scrapyard | Entered Materials 300 | -10/Materials | Build established: Mutant 413 | -10/Materials | Discovered new exit (range 8) 576 | -10/Materials | Discovered new exit (range 13) 626 | -10/Materials | Discovered new exit (range 15) 633 | -10/Materials | Build established: Scavenger-Mutant 644 | -10/Materials | Identified exit to Materials 702 | -10/Materials | Core integrity fell below 50% 719 | -10/Materials | Reached level 2 860 | -10/Materials | Upgraded with Propulsion slot (x1) 975 | -10/Materials | Discovered exit to Materials (range 12) 1023 | -10/Materials | Discovered new exit (range 9) 1080 | -10/Materials | Build established: Mutant 1639 | -10/Materials | Identified exit to Subcaves 1766 | -10/Materials | Entered Subcaves 1768 | -10/Subcaves | Reached level 3 1882 | -10/Subcaves | Core integrity fell below 20% 1901 | -10/Subcaves | Destroyed by YJ-ZY5(R) with Subdweller Machine Gun Last Messages --------------- 01837_ Acquired 8 matter. 01839_ CU-DIB(R) overheating. 01839_ CU-DIB(R) knocked back. 01840_ Acquired 8 matter. 01842_ CU-DIB(R) overheating. 01842_ CU-DIB(R) Sub. Beam Cannon blasted off. 01842_ CU-DIB(R) destroyed. 01843_ Acquired 8 matter. 01845_ 9J-C6D(R) destroyed. 01846_ Acquired 8 matter. 01850_ Used Protomatter to restore core integrity (+6, depleted) 01880_ Subatomizers dissect the Disposable Heat Sink. 01884_ Acquired 8 matter. 01886_ T0-50W(R) destroyed. 01887_ Acquired 8 matter. 01891_ Acquired 7 matter. 01891_ Acquired 1 matter. 01892_ Subatomizers dissect the Disposable Heat Sink. 01893_ YJ-ZY5(R) knocked back. 01894_ Acquired 8 matter. Map ----- +----------------------------------------------------+ | ?????????????????????????????????????????????????? | | ?????????????????????????????????????????????????? | | ?????????????????????????????????????????????????? | | ?????????????????????????????????????????????????? | | ?????????????????????????????????????????????????? | | ?????????????????????????????????????????????????? | | ?????????????????????????????????????????????????? | | ?????????????????????????????????????????????????? | | ?????????????????????????????????????????????????? | | ?????????????????????????????????????????????????? | | ??????????????###????????????????????????????????? | | ?????????????? # ????????????????????????????????? | | ?????????????? ????????????????????????????????? | | ????????????? #??????????????????????????????? | | ?????????# ? ## ##??????????????????????????????? | | ?????????## ??????????????????????????????? | | ?????????## ?? ##????????????????????????????? | | ?????????## ?? ###? ###???????????????????? | | ?????????## ?? ### #######??????????????????? | | ?????????# ?? ### ###??????????????????? | | ??????????? ? ##??????????????????? | | ?????????????? # ### #######?????????????? | | ???????????????## # # # #########????????????? | | ???????????????## ? ## ### ###????????????? | | ????????????????????## ## ###???????????? | | ????????????????????##!%!@# ###???????????? | | ????????????????????###RR## ##???????????? | | ???????????????????####]*&* ### ###???????????? | | ?????????????????##### !!!! #### ####?????????? | | ?????????????? ######%=%%]%%##### ##### ######??? | | ?????????????? #### %%|% ## # # # #####"??? | | ?????????????? # ## ## " "" | | ?????????????? ## #### #### ## # ### "" ""? | | ??????????????### ####### #########???????? | | ??????????????## ###### # # ""?????????? | | ?????????????#### ##### ???????????? | | ?????????????### ### ???????????? | | ????????????### ## ## ### "??????????? | | ????????????## # ### ##?? # ##?????????? | | ???????#"""" ## ### ##?????????? | | ???????## # ##? ####? #?????????? | | ???????### ### ##?? ###???????????????? | | ???????### "" # ??? ###???????????????? | | ???????? "## ### ?? ##????????????????? | | ?????? ""## ##### ## ????????????????? | | ????? ""?####### #### # ? ????????????????? | | ???? "???####????????####?? ???????????????? | | ????? ##""????????????????####?? ??????????????? | | ????? ####??????????????????????? ##???????????? | | ??????####???????????????????????? ###???????????? | +----------------------------------------------------+ Best States ------------- Heat Dissipation 25 Energy Generation 14 Energy Capacity 250 Matter Stores 300 Matter Capacity 300 Sight Range 18 Terrain Scan Range 16 Terrain Scan Density 10 Weapon Shielding 33 Evasion (%) 44 Recoil Reduction 1 Item Schematics ----------------- None Robot Schematics ------------------ None Fabricated ------------ Nothing Alien Tech Used ----------------- None Achievements -------------- None Challenges ------------ None RPGLIKE | -11 -10 -10 --------- Run | Yrd Mat Sub Levels Raised 2 | . 1 1 XP Earned 6085 | 3000 2085 1000 XP Spent 4350 | 2550 1800 . Upgrades 10 | 5 5 . Propulsion Slot 1 | . 1 . Utility Slot 2 | 2 . . Weapon Slot 1 | 1 . . Inventory Capacity 2 | 2 . . Sight Range 2 | . 2 . Ranged Accuracy 2 | . 2 . Protomatter Created 230 | . 228 2 Integrity Restored 630 | . 624 6 Core 543 | . 537 6 Parts 87 | . 87 . Protomatter Decayed 14 | . 14 . Game ------ Seed DataThiefDriver Manual? 0 Play Time 00:27:02 Cumulative 182.3 hours Start 2024.06.03 @ 18:01:07 End 2024.06.03 @ 22:00:40 Sessions 2 Manual Loads 0 Difficulty Rogue Special Mode Winter2019/RPGLIKE Game No. 55 Rogue 50 Adventurer 4 Explorer 1 Win Type - Total 3 Types 1/0/1/1/0/0/0/0/0 Lore% 40 Gallery% 60 Achievement% 44 Wizard Run 0 Options --------- Layout 0 ASCII 0 Keyboard 0 Movement Mouse Keybinds 0 Fullscreen 1 Font 24/Smallcaps Map View 76x50 Zoom Use 0% Tactical HUD 1 Map Filters NONE Filters NONE Steam X RUN: 9a6628d2-ba80-4fb8-9b86-8da3e8c2dc7c